 Dungeon Crawl Stone Soup version 0.27.0-1-g7a089689b8 (console) character file.

Game seed: 10446526478760614967

576 FIQ the Magician (level 7, 0/50 HPs)
             Began as a Djinni Fire Elementalist on July 31, 2021.
             Slain by a gnoll (7 damage)
             ... on level 5 of the Dungeon.
             The game lasted 00:08:53 (6991 turns).

FIQ the Magician (Djinni Fire Elementalist)         Turns: 6991, Time: 00:08:54

Health: 0/50       AC:  5    Str:  7    XL:     7   Next: 62%
Gold:   165        EV: 15    Int: 18    God:
                   SH:  0    Dex: 20

rFire    + + .     SeeInvis .   (no weapon)
rCold    x . .     Faith    .   (no shield)
rNeg     . . .     Spirit   .   a - +0 robe
rPois    ∞         Reflect  .   (no helmet)
rElec    .         Harm     .   c - +1 cloak
rCorr    .         Rampage  .   h - +0 pair of gloves
Will     .....                  (boots unavailable)
Stlth    ++........             (no amulet)
HPRegen  0.16/turn              m - +6 ring of dexterity
MPRegen  0.00/turn              (no ring)

@: flying
A: sickness immunity, fire resistance 2, cold vulnerability 1, float, innate
caster, hp casting, extra vitality 1
a: no special abilities


You were on level 5 of the Dungeon.
You visited 1 branch of the dungeon, and saw 5 of its levels.

You collected 165 gold pieces.

Inventory:

Armour
 a - a +0 robe (worn)
 c - a +1 cloak (worn)
 h - a +0 pair of gloves (worn)
Jewellery
 m - a +6 ring of dexterity (left hand)
Wands
 n - a wand of polymorph (9)
Scrolls
 d - a scroll of identify {unknown}
 k - a scroll of immolation
Potions
 b - 2 potions of invisibility {unknown}
 e - a potion of heal wounds {unknown}
 f - a potion of cancellation {unknown}
 i - a potion of mutation {unknown}
 j - a potion of flight {unknown}
 l - a potion of might {unknown}
 p - 2 potions of curing {unknown}


   Skills:
 + Level 3.5 Fighting
 + Level 4.6 Dodging
 - Level 1.5 Stealth
 * Level 4.8 Spellcasting


You couldn't memorise any spells.
You knew the following spells:

 Your Spells              Type           Power      Damage    Failure   Level
a - Foxfire               Conj/Fire      84%        2x1d8     1%          1
b - Conjure Flame         Conj/Fire      21%        6-21      5%          3
c - Inner Flame           Hex/Fire       21%        N/A       5%          3
d - Sticky Flame          Conj/Fire      21%        2d4       19%         4
e - Fireball              Conj/Fire      10%        3d6       45%         5
f - Freeze                Ice            84%        1d10      1%          1
g - Passwall              Tmut/Erth      17%        N/A       2%          2
h - Lesser Beckoning      Tloc           10%        N/A       5%          3
Your spell library was empty.

Dungeon Overview and Level Annotations

Branches:
Dungeon (5/15)
 Temple: D:4-7

Altars:
Yredelemnul


Innate Abilities, Weirdness & Mutations

You are immune to sickness and miasma.
You are immune to poison.
Your flesh is very heat resistant. (rF++)
You are vulnerable to cold. (rC-)
You float through the air rather than walking.
You learn spells naturally, not from books.
Your magical power is your life essence.
You have superior vitality. (+4 HP)


Message History

The quokka is heavily wounded.
The gnoll barely misses you.
You conjure some foxfire!
The foxfire hits the quokka.
You kill the quokka!
The gnoll hits you from afar with a +0 halberd!
The foxfire hits the gnoll.
The gnoll is moderately wounded.
You conjure some foxfire!
The foxfire hits the centaur skeleton.
The centaur skeleton is severely damaged.
The foxfire hits the centaur skeleton.
The centaur skeleton is almost destroyed.
The centaur skeleton barely misses you.
The centaur skeleton kicks you but does no damage.
The gnoll hits you from afar with a +0 halberd!
The centaur skeleton barely misses you. x2
You are too injured to fight recklessly!
The foxfire hits the centaur skeleton!
You destroy the centaur skeleton!
The foxfire hits the gnoll.
The gnoll is severely wounded.
You are too injured to fight recklessly!
The gnoll misses you.
There is an open door here.
Casting: Foxfire (safe; 1% risk of failure)
Confirm with . or Enter, or press ? or * to list all spells.
Okay, then.
Casting: Foxfire (safe; 1% risk of failure)
Confirm with . or Enter, or press ? or * to list all spells.
Aiming: Passwall (safe; 2% risk of failure)
Press: ? - help, Dir - move target A rock wall.
You begin to meditate on the wall.
You continue meditating on the rock.
The gnoll hits you from afar with a +0 halberd.
* * * LOW HITPOINT WARNING * * *
You continue meditating on the rock.
The gnoll hits you from afar with a +0 halberd!
* * * LOW HITPOINT WARNING * * *
You continue meditating on the rock.
The gnoll hits you from afar with a +0 halberd!
You die...

#.#..<..#.#.#
#.#.#####.#.# #
#####.#..)..#.#.#..
#...#.#...#.#.#.#.#
+...'..............
#...#.#.#.#.#.#.#..
########...#.#.#.#.....#.#
........####.#.#.#........
.......g'@................
.......g####+#.#.#...#..#.
.........g.....#.#.#.#..#.
.......:..g....#...#.#....
...............#####.#.#..
........####'#)......#.#..
######### .)...######.##.
.(....+ ...##. .......#
.......


You could see 2 gnolls.

Vanquished Creatures
  A water moccasin (D:4)
  An ice beast (D:4)
  An ogre (D:4)
  Blork the orc (D:4)
  A centaur skeleton (D:5)
  A hound (D:5)
  2 gnolls (D:5)
  A howler monkey skeleton (D:4)
  4 adders
  An adder skeleton (D:3)
  A worm (D:4)
  A dart slug (D:2)
  9 orcs
  7 ball pythons
  An endoplasm (D:1)
  4 giant cockroaches
  8 goblins
  6 hobgoblins
  6 jackals
  6 quokkas
  12 bats
  4 frilled lizards
  9 kobolds
  6 rats
94 creatures vanquished.

Vanquished Creatures (collateral kills)
  A foxfire (D:5)
1 creature vanquished.

Vanquished Creatures (others)
  649 foxfires
649 creatures vanquished.

Grand Total: 744 creatures vanquished

Notes
Turn   | Place    | Note
-------+----------+-------------------------------------------
     0 | D:1      | FIQ the Djinni Fire Elementalist began the quest for the
                  | Orb.
     0 | D:1      | Reached XP level 1. HP: 15/15 MP: 0/0
   655 | D:1      | Reached XP level 2. HP: 15/22 MP: 0/0
  1709 | D:1      | Reached skill level 1 in Fighting
  1709 | D:1      | Reached XP level 3. HP: 25/27 MP: 0/0
  1709 | D:1      | Learned a level 1 spell: Freeze
  3428 | D:2      | Reached XP level 4. HP: 28/32 MP: 0/0
  4056 | D:2      | Found a faded altar of an unknown god.
  5170 | D:3      | Reached XP level 5. HP: 23/38 MP: 0/0
  5170 | D:3      | Learned a level 2 spell: Passwall
  5854 | D:4      | Noticed an ogre
  5860 | D:4      | Killed an ogre
  5861 | D:4      | Reached XP level 6. HP: 39/45 MP: 0/0
  5913 | D:4      | Noticed a water moccasin
  5922 | D:4      | Killed a water moccasin
  6065 | D:4      | Noticed an ice beast
  6074 | D:4      | Killed an ice beast
  6075 | D:4      | Reached XP level 7. HP: 42/50 MP: 0/0
  6075 | D:4      | Learned a level 3 spell: Lesser Beckoning
  6261 | D:4      | Found a basalt altar of Yredelemnul.
  6350 | D:4      | Noticed Blork the orc
  6356 | D:4      | Killed Blork the orc
  6711 | D:5      | Entered Level 5 of the Dungeon
  6991 | D:5      | Slain by a gnoll

Illustrated notes

Levels and vault maps discovered:
D:1:      arrival_zaba_pyramid, layout_basic, minmay_misc_feat_tower, hex_medium
D:2:      layout_basic, hellmonk_ecumenical_altar_run_dry,
          kennysheep_generic_room_4
D:3:      layout_loops_ring, kennysheep_generic_room_3
D:4:      layout_cave_pools, mainiacjoe_overflow_surrounded_room,
          uniq_blork_the_orc
D:5:      layout_basic

Skill      XL: |  1  2  3  4  5  6 |
---------------+-------------------+-----
Fighting       | 1 2 3 |  3.5
Spellcasting   | 3 4 |  4.8
Dodging        | 3 4 |  4.6
Stealth        | |  1.5

Action                   |  1- 3 |  4- 6 |  7- 9 || total
-------------------------+-------+-------+-------++-------
 Cast: Foxfire           |   170 |   160 |    75 ||   405
       Freeze            |     1 |     6 |     2 ||     9
       Passwall          |       |     3 |     1 ||     4
  Use: Scroll            |       |       |     4 ||     4
Armor: Robe              |     4 |     1 |     3 ||     8
Dodge: Dodged            |    24 |    15 |    16 ||    55
